 Dungeon Crawl Stone Soup version 0.17-a0-776-gd86b262 (webtiles) character file.

193 FedoraBrony69 the Conjurer (level 5, 0/31 HPs)
             Began as an Octopode Conjurer on Apr 25, 2015.
             Slain by a giant frog skeleton (4 damage)
             ... on level 4 of the Dungeon.
             The game lasted 00:05:15 (2722 turns).

FedoraBrony69 the Conjurer (Octopode Conjurer)      Turns: 2722, Time: 00:05:15

Health: 0/31       AC:  1    Str:  7    XL:     5   Next: 72%
Magic:  2/10       EV: 12    Int: 19    God:
Gold:   158        SH:  0    Dex: 12    Spells: 2 memorised, 6 levels left

rFire  . . .     SeeInvis .     k - -2 dagger (curse)
rCold  . . .     Clarity  .     (no shield)
rNeg   . . .     SustAb   .     (helmet restricted)
rPois  .         Gourm    .     (no amulet)
rElec  .         Spirit   .     (no ring)
rCorr  .         Warding  .     (no ring)
rMut   .         Stasis   .     (no ring)
MR     .....                    (no ring)
Stlth  +++.......               (no ring)
                                (no ring)
                                (no ring)
                                (no ring)

@: not resistant to hostile enchantments, fairly stealthy
A: almost no armour, amphibious, 8 rings, constrict 8, camouflage 1, gelatinous
body 1
a: no special abilities


You were on level 4 of the Dungeon.
You were not hungry.

You visited 1 branch of the dungeon, and saw 4 of its levels.

You collected 158 gold pieces.

Inventory:

Hand weapons
 k - a cursed -2 dagger (weapon)
 l - a +0 short sword
Scrolls
 d - 2 scrolls of enchant weapon {unknown}
 g - 7 scrolls of identify {unknown}
 i - 3 scrolls of remove curse {unknown}
 m - a scroll of immolation {unknown}
 n - a scroll of noise {unknown}
 q - a scroll of amnesia {unknown}
 t - a scroll of enchant armour {unknown}
 u - a scroll of magic mapping {unknown}
 v - a scroll of teleportation {unknown}
 y - 4 scrolls of fear {unknown}
Potions
 e - a potion of flight {unknown}
 f - 4 potions of curing {unknown}
 h - a potion of cancellation {unknown}
 j - 2 potions of restore abilities {unknown}
 r - a potion of lignification {unknown}
 w - a potion of might {unknown}
 x - 2 potions of haste {unknown}
Books
 a - a book of Conjurations

   Spells                             Type                      Level
   a - Magic Dart                     Conjuration                  1
   b - Searing Ray                    Conjuration                  2
   c - Dazzling Spray                 Conjuration/Hexes            3
   d - Fulminant Prism                Conjuration/Hexes            4
   e - Iskenderun's Mystic Blast      Conjuration                  4
   f - Iskenderun's Battlesphere      Conjuration/Charms           5
Comestibles
 b - 2 bread rations
 c - 3 beef jerkies
 o - a slice of pizza
 p - 4 meat rations
 s - 4 fruits
 z - a chunk of flesh


   Skills:
 - Level 2.0 Dodging
 - Level 2.6 Stealth
 + Level 3.8 Spellcasting
 + Level 5.7 Conjurations


You had 6 spell levels left.
You knew the following spells:

 Your Spells              Type           Power        Failure   Level  Hunger
a - Magic Dart            Conj           ####         1%          1    None
b - Iskenderun's Mystic   Conj           ####....     14%         4    ####...


Dungeon Overview and Level Annotations

Branches:
Dungeon (4/15)
 Temple: D:4-7

Altars:


Innate Abilities, Weirdness & Mutations

You cannot wear most types of armour.
You are amphibious.
You can wear up to eight rings at the same time.
You can use your tentacles to constrict eight enemies at once.
Your skin changes colour to match your surroundings (Stealth).
Your rubbery body absorbs attacks (AC +1).


Message History

The giant frog skeleton hits you but does no damage.
The giant frog skeleton hits you.
You hit the giant frog skeleton. You constrict the giant frog skeleton.
The giant frog skeleton hits you.
You hit the giant frog skeleton but do no damage.
You squeeze the giant frog skeleton. You constrict the giant frog skeleton.
The giant frog skeleton hits you.
You hit the giant frog skeleton. You constrict the giant frog skeleton.
The giant frog skeleton hits you. x2
You hit the giant frog skeleton. You constrict the giant frog skeleton.
The giant frog skeleton hits you.
* * * LOW HITPOINT WARNING * * *
You hit the giant frog skeleton. You constrict the giant frog skeleton.
The giant frog skeleton misses you.
You release your grip on the giant frog skeleton.
The giant frog skeleton closely misses you.
The giant frog skeleton hits you.
* * * LOW HITPOINT WARNING * * *
The giant frog skeleton hits you.
You die...

†..## ##.... ........##...##
....####.... ..............##
.....##...†# #.............
#..........# ##......###....
#..........# #......##<##...
#..........# #......#...#...
##.........## ##......#.⌠.#...
............######.......#...
..
...............Z@...(....##.#
##.................###...##'##
###...........###### ##..#...#
##......#...# ##..'.⌠.+ ##
#.....##..## #...#...#
.###.........# #...##+##
..#..#.......## ##...#
#...###.####..# ##...)#
..#..#..# #..## ##.....#


You could see a giant frog skeleton.

Vanquished Creatures
  An orc priest (D:4)
  2 hounds (D:4)
  An adder (D:4)
  2 oozes
  3 worms
  6 orcs
  2 ball pythons (D:1)
  4 giant cockroaches
  7 hobgoblins
  5 jackals (D:4)
  11 bats
  A giant gecko (D:1)
  A giant gecko skeleton (D:4)
  2 giant newts
  9 goblins
  9 kobolds
  6 rats
72 creatures vanquished.

Notes
Turn   | Place    | Note
--------------------------------------------------------------
     0 | D:1      | FedoraBrony69, the Octopode Conjurer, began the quest for the Orb.
     0 | D:1      | Reached XP level 1. HP: 11/11 MP: 3/3
   210 | D:1      | Reached XP level 2. HP: 17/17 MP: 1/5
   616 | D:2      | Reached XP level 3. HP: 21/21 MP: 3/6
  1677 | D:3      | Reached XP level 4. HP: 27/27 MP: 2/8
  2006 | D:4      | Reached skill level 5 in Conjurations
  2122 | D:4      | Noticed an ogre
  2141 | D:4      | Learned a level 4 spell: Iskenderun's Mystic Blast
  2331 | D:4      | Reached XP level 5. HP: 11/31 MP: 4/10
  2722 | D:4      | Slain by a giant frog skeleton

Action                   |  1- 3 |  4- 6 || total
-------------------------+-------+-------++-------
Melee: Unarmed           |     7 |       ||     7
       Dagger            |     6 |    39 ||    45
 Cast: Magic Dart        |    72 |    67 ||   139
 Stab: Sleeping          |       |     1 ||     1
  Eat: Chunk             |     2 |     4 ||     6
